 Dungeon Crawl Stone Soup version 0.14.1 (webtiles) character file.

593 Kae the Ruinous (level 6, 0/32 HPs)
             Began as a Tengu Fire Elementalist on Apr 28, 2014.
             Succumbed to a worker ant's poison
             ... on Level 4 of the Dungeon.
             The game lasted 00:07:43 (5192 turns).

Kae the Ruinous (Tengu Fire Elementalist)           Turns: 5192, Time: 00:07:43

HP   0/32        AC  5     Str  8      XL: 6   Next: 57%
MP   3/13        EV 12     Int 18      God:
Gold 250         SH  0     Dex 14      Spells:  3 memorised,  4 levels left

rFire  . . .     SeeInvis +     p - +3,+2 mace (crush)
rCold  . . .     Clarity  .     a - +0 robe
rNeg   . . .     Conserve .     (no shield)
rPois  .         rCorr    .     (helmet restricted)
rElec  .         rRot     .     r - +0 cloak
SustAb . .       Spirit   .     u - +1 pair of gloves
rMut   .         Warding  .     (boots unavailable)
Saprov . . .     Stasis   .     (no amulet)
MR     .....                    t - ring of see invisible
                                e - ring of see invisible

@: lethally poisoned, not resistant to hostile enchantments, fairly stealthy
A: able to fly, beak, talons 3
a: Fly


You were on level 4 of the Dungeon.
You were hungry.

You visited 1 branch of the dungeon, and saw 4 of its levels.

You collected 250 gold pieces.

Inventory:

Hand weapons
 p - a +3,+2 mace of crushing (weapon)
 w - a +3,+2 falchion
Armour
 a - a +0 robe (worn)
 r - a +0 cloak (worn)
 u - a +1 pair of gloves (worn)
Comestibles
 c - 2 bread rations
 j - a choko
 k - a lychee
 s - 2 meat rations
 v - 3 rotting chunks of gnoll flesh
Scrolls
 d - a scroll of random uselessness {unknown}
 f - 3 scrolls of remove curse
 g - a scroll of enchant armour
 i - a scroll of immolation
 o - a scroll of enchant weapon I
 q - 2 scrolls of teleportation
Jewellery
 e - a ring of see invisible (left hand)
 t - a ring of see invisible (right hand)
Potions
 h - 6 potions of curing {unknown}
 l - a potion of heal wounds {unknown}
 m - a potion of mutation {unknown}
 n - a potion of poison {unknown}
 x - 2 potions of might {unknown}
Books
 b - a book of Flames

   Spells                             Type                      Level
   *Flame Tongue                      Conjuration/Fire             1
   *Throw Flame                       Conjuration/Fire             2
   *Conjure Flame                     Conjuration/Fire             3
   Inner Flame                        Hexes/Fire                   3
   Sticky Flame                       Conjuration/Fire             4
   Fireball                           Conjuration/Fire             5


   Skills:
 - Level 2.1 Dodging
 - Level 2.0 Stealth
 + Level 2.9 Spellcasting
 * Level 5.9 Conjurations
 * Level 5.4 Fire Magic


You had 4 spell levels left.
You knew the following spells:

 Your Spells              Type           Power        Failure   Level  Hunger
a - Flame Tongue          Conj/Fire      ###..        1%          1    None
b - Throw Flame           Conj/Fire      ###...       2%          2    ##.....
c - Conjure Flame         Conj/Fire      ###.....     6%          3    ###....


Dungeon Overview and Level Annotations

Branches:
Dungeon (4/15)
 Temple: D:4-7

Altars:

Annotations:
D:4 Menkaure


Innate Abilities, Weirdness & Mutations

You can fly.
You have a beak for a mouth.
You have claws for feet.


Message History

The flame tongue hits the gnoll.
The gnoll appears unharmed.
The gnoll hits you with a flail.
* * * LOW HITPOINT WARNING * * *
Casting: Flame Tongue
Confirm with . or Enter, or press ? or * to list all spells.
Aiming: Flame Tongue
Press: ? - help, Shift-Dir - straight line, f/p - gnoll
Aim: a gnoll, wielding a flail The flame tongue hits the gnoll.
The gnoll is lightly wounded.
* * * LOW HITPOINT WARNING * * *
You feel sick. The gnoll closely misses you.
Casting: Flame Tongue
Confirm with . or Enter, or press ? or * to list all spells.
Aiming: Flame Tongue
Press: ? - help, Shift-Dir - straight line, f/p - gnoll
Aim: a gnoll, wielding a flail (lightly wounded)
The flame tongue hits the gnoll.
The gnoll is heavily wounded.
You die...

.. .# .#.#.# ...
#.##..#.#.# ..####
#.##..#.#.# #
#...###.##..#.#.# #.
#...........#.#.#
#.###...........#.#.#
#...................)
....#....................
%......g@..#...........(.
...........#........###.#
..........#............#
#.....#####...)...###..#
#.....#####.......###..#
.....+......%.)........
... ########.#<.###..# ..
#.#..# #..# #.#..# #..#


You could see a gnoll.

Vanquished Creatures
  Crazy Yiuf (D:4)
  2 worker ants (D:4)
  Terence (D:3)
  11 gnolls
  8 adders
  A giant eyeball (D:4)
  5 orcs
  6 bats
  3 giant cockroaches
  10 goblins
  8 hobgoblins
  2 quokkas
  4 giant geckos
  A giant newt (D:2)
  3 jackals (D:2)
  8 kobolds
  An orc skeleton (D:4)
  9 rats
84 creatures vanquished.

Notes
Turn   | Place    | Note
--------------------------------------------------------------
     0 | D:1      | Kae, the Tengu Fire Elementalist, began the quest for the Orb.
     0 | D:1      | Reached XP level 1. HP: 10/10 MP: 3/3
   285 | D:1      | Reached XP level 2. HP: 3/15 MP: 1/5
  1247 | D:2      | Reached XP level 3. HP: 11/19 MP: 1/7
  2575 | D:3      | Reached XP level 4. HP: 24/24 MP: 6/9
  2583 | D:3      | Reached skill level 4 in Conjurations
  3102 | D:3      | Reached XP level 5. HP: 16/28 MP: 2/11
  3189 | D:3      | Noticed Terence
  3367 | D:2      | Learned a level 2 spell: Throw Flame
  3371 | D:2      | Learned a level 3 spell: Conjure Flame
  3755 | D:3      | Killed Terence
  3897 | D:3      | Reached skill level 5 in Conjurations
  4366 | D:3      | Reached skill level 5 in Fire Magic
  4549 | D:4      | Reached XP level 6. HP: 32/32 MP: 9/13
  4588 | D:4      | Paralysed by a giant eyeball for 3 turns
  4640 | D:4      | Noticed Menkaure
  4848 | D:4      | Noticed Crazy Yiuf
  4856 | D:4      | Killed Crazy Yiuf
  5191 | D:4      | HP: 1/32 [poisoned by a worker ant]
  5192 | D:4      | Succumbed to a worker ant's poison

Action                   |  1- 3 |  4- 6 || total
-------------------------+-------+-------++-------
Melee: Club              |    67 |    19 ||    86
       Unarmed           |     5 |       ||     5
       Falchion          |       |     3 ||     3
 Cast: Flame Tongue      |    44 |   108 ||   152
       Conjure Flame     |       |     5 ||     5
       Throw Flame       |       |     6 ||     6
  Use: Scroll            |       |     8 ||     8
 Stab: Sleeping          |     2 |     3 ||     5
